 Seeded DCSS version 0.30.0 (webtiles) character file.

Game seed: 15168968428807311415 (custom seed)

483 valliere the Slasher (level 6, 0/42 (47) HPs)
             Began as a Demonspawn Gladiator on May 5, 2023.
             Slain by Edmund
             ... wielding a +3 dire flail of draining
              (6 damage)
             ... on level 5 of the Dungeon.
             The game lasted 00:07:25 (3297 turns).

valliere the Slasher (Demonspawn Gladiator)         Turns: 3297, Time: 00:07:26

HP:   0/42 (47)     AC:  8    Str: 15    XL:     6   Next: 88%
MP:   8/8           EV: 12    Int:  9    God:
Gold: 167           SH:  0    Dex: 16    Spells: 5/5 levels left

rFire   + . .        a - +0 long sword
rCold   + . .        (no shield)
rNeg    . . .        t - +3 ring mail
rPois   .            (helmet restricted)
rElec   .            j - scarf {rC+ rF+}
rCorr   .            (no gloves)
SInv    .            (no boots)
Will    .....        (no amulet)
Stlth   +            (no ring)
HPRegen 0.27/turn    (no ring)
MPRegen 0.11/turn

%: no passive effects
@: heavily drained
A: antennae 1, claws 2, weakness stinger 1
a: no special abilities


You were on level 5 of the Dungeon.
You visited 1 branch of the dungeon, and saw 5 of its levels.

You collected 167 gold pieces.

Inventory:

Hand Weapons
 a - a +0 long sword (weapon)
Missiles
 d - 2 throwing nets (quivered)
 e - a javelin
Armour
 b - a +0 leather armour
 c - a +0 helmet
 j - a scarf of resistance (worn)
 n - a +0 ring mail
 t - a +3 ring mail (worn)
Wands
 w - a wand of charming (9)
Scrolls
 f - 6 scrolls of identify {unknown}
 i - a scroll of enchant weapon {unknown}
 k - 2 scrolls of magic mapping {unknown}
 l - a scroll of vulnerability {unknown}
 m - 3 scrolls of immolation {unknown}
 r - 2 scrolls of teleportation {unknown}
 u - a scroll of fog {unknown}
 v - a scroll of fear {unknown}
Potions
 g - 2 potions of brilliance {unknown}
 h - a potion of mutation {unknown}
 o - 2 potions of heal wounds {unknown}
 p - a potion of attraction {unknown}
 q - a potion of invisibility {unknown}
 s - a potion of magic {unknown}
 x - a potion of flight {unknown}


   Skills:
 + Level 3.5 Fighting
 * Level 4.7 Long Blades
 - Level 1.7 Throwing
 + Level 2.0 Armour
 + Level 3.8 Dodging
 + Level 3.6 Invocations


You had 5 spell levels left.
You didn't know any spells.
Your spell library contained the following spells:

 Spells                   Type           Power      Damage    Failure   Level
 Sandblast                Erth           0%         2d4       61%         1
 Summon Small Mammal      Summ           0%         N/A       61%         1
 Passwall                 Tmut/Erth      0%         N/A       75%         2
 Call Canine Familiar     Summ           0%         N/A       93%         3
 Gell's Gravitas          Tloc           0%         N/A       93%         3
 Stone Arrow              Conj/Erth      0%         3d7       93%         3
 Summon Guardian Golem    Hex/Summ       0%         N/A       93%         3
 Teleport Other           Tloc           0%         N/A       93%         3
 Dispersal                Tloc           0%         N/A       100%        6


Dungeon Overview and Level Annotations

Branches:
Dungeon (5/15)
 Temple: D:4-7

Altars:
Kikubaaqudgha

Shops:
D:1 (   D:4 [

Annotations:
D:3 1 runed translucent door, Crazy Yiuf
D:5 Edmund


Innate Abilities, Weirdness & Mutations

You have a pair of small antennae on your head.
You have very sharp fingernails.
You have a small tail.


Message History

You barely miss Edmund.
Edmund is moderately wounded.
Edmund says, "What use are spells, anyway?"
Edmund barely misses you.
You closely miss Edmund. You tail-slap Edmund.
Edmund is moderately wounded.
Edmund closely misses you.
You barely miss Edmund.
Your tail-slap misses Edmund.
Edmund is moderately wounded.
Edmund hits you with a +3 dire flail of draining!
You feel drained.
You closely miss Edmund.
Edmund is moderately wounded.
Edmund zaps a wand.
The puff of flame hits you. You resist.
You hit Edmund but do no damage.
Edmund is moderately wounded.
Edmund zaps a wand.
The puff of flame hits you. You resist.
Edmund hits you with a +3 dire flail of draining!
You feel drained.
You are too injured to fight recklessly!
You are too injured to fight recklessly!
You are too injured to fight recklessly!
You are too injured to fight recklessly!
You slash Edmund!
Your tail-slap misses Edmund.
Edmund is heavily wounded.
Edmund hits you with a +3 dire flail of draining!
* * * LOW HITPOINT WARNING * * *
You feel drained.
* * * LOW HITPOINT WARNING * * *
You slash Edmund! You tail-slap Edmund, but do no damage.
Edmund is severely wounded.
Edmund zaps a wand.
The puff of flame hits you. You resist.
* * * LOW HITPOINT WARNING * * *
You closely miss Edmund. You tail-slap Edmund.
Edmund is severely wounded.
Edmund drinks a potion.
Edmund is healed!
You hit Edmund.
Edmund is heavily wounded.
Edmund hits you with a +3 dire flail of draining.
You die...

##.####### #########
....# ..(... ....# .....
....# .... ....# ...
###### ## ..# .. .....#
...#######..##... ..(..#
..........@...... .....#
.........@....... .....+
.................
.....#########.####...##
.............#.#### ..#
.............#....# .#
.............#....# #
.............'....#
.............###+###
....................


You could see Edmund.

Vanquished Creatures
  2 vampire bats (D:3)
  A howler monkey (D:5)
  An orc priest (D:3)
  2 jellies
  A sleepcap (D:4)
  3 iguanas
  An orc wizard (D:3)
  A mummy (D:4)
  3 adders
  A white imp (D:4)
  3 worms
  3 dart slugs
  An orc (D:3)
  A bat (D:3)
  3 bat skeletons (D:3)
  2 bat zombies (D:3)
  9 endoplasms
  7 giant cockroaches
  6 goblins
  3 hobgoblins
  5 jackals
  5 quokkas
  9 ball pythons
  7 frilled lizards (D:1)
  3 kobolds
  3 rats
86 creatures vanquished.

Notes
Turn   | Place    | Note
-------+----------+-------------------------------------------
     0 | D:1      | valliere the Demonspawn Gladiator began the quest for the
                  | Orb.
     0 | D:1      | Reached XP level 1. HP: 16/16 MP: 1/1
    80 | D:1      | Discovered your monstrous ancestry.
    80 | D:1      | Gained mutation: You have a pair of small antennae on your
                  | head. [demonic ancestry]
    80 | D:1      | Reached XP level 2. HP: 22/22 MP: 2/2
   104 | D:1      | Reached skill level 3 in Long Blades
   113 | D:1      | Reached skill level 1 in Invocations
   311 | D:1      | Found Ycohut's Weapon Shoppe.
   477 | D:2      | Gained mutation: You have sharp fingernails. [demonic
                  | ancestry]
   477 | D:2      | Reached XP level 3. HP: 28/28 MP: 3/3
  1118 | D:3      | Reached XP level 4. HP: 8/34 MP: 5/5
  1470 | D:3      | Found an ancient bone altar of Kikubaaqudgha.
  1475 | D:3      | Reached skill level 1 in Armour
  1475 | D:3      | Gained mutation: You have a small tail. [demonic ancestry]
  1475 | D:3      | Reached XP level 5. HP: 39/40 MP: 6/6
  1482 | D:3      | Reached skill level 4 in Long Blades
  1885 | D:3      | Found a runed translucent door.
  1886 | D:3      | Noticed Crazy Yiuf
  2120 | D:4      | Gained mutation: You have very sharp fingernails. [demonic
                  | ancestry]
  2120 | D:4      | Reached XP level 6. HP: 29/47 MP: 8/8
  2194 | D:4      | Found Kiqepnof's Armour Shoppe.
  2417 | D:4      | You fall into a shaft and drop 1 floor!
  2417 | D:5      | Entered Level 5 of the Dungeon
  3283 | D:5      | Noticed Edmund
  3297 | D:5      | Slain by Edmund

Illustrated notes

Levels and vault maps discovered:
D:1:      scummos_arrival_simple_crosswalls, layout_rooms, serial_shops, shop,
          chequers_serial_rivers_room_b, minmay_lizard_pond
D:2:      layout_basic, basic_altar, nicolae_figureground_sparkle
D:3:      layout_loops_cross, kennysheep_vampire_church, uniq_crazy_yiuf_cottage
D:4:      layout_loops_cross, gup_ossuary_entry_pyramid, serial_shops,
          nicolae_shop_tiny_statue_garden, chequers_serial_rivers_small_3
D:5:      layout_gridville, uniq_edmund

Skill      XL: |  1  2  3  4  5  6 |
---------------+-------------------+-----
Long Blades    | 3 4 |  4.7
Invocations    | 1 2 3 |  3.6
Dodging        | 3 |  3.8
Armour         | 1 2 |  2.0
Fighting       | 3 |  3.5
Throwing       | |  1.7

Action                     |  1- 3 |  4- 6 || total
---------------------------+-------+-------++-------
  Melee: Long sword        |    92 |   169 ||   261
         Punch             |       |     5 ||     5
         Tailslap          |       |    24 ||    24
  Throw: Throwing net      |     1 |     1 ||     2
  Evoke: Wand              |       |     1 ||     1
   Stab: Held in net/web   |     1 |     1 ||     2
         Betrayed ally     |       |     1 ||     1
 Armour: Leather armour    |    27 |       ||    27
         Ring mail         |     6 |    99 ||   105
  Dodge: Dodged            |    67 |   170 ||   237
